 Dungeon Crawl Stone Soup version 0.30-a0-862-g1aabd4f9c5 (webtiles) character file.

Game seed: 5103395773614995098

150 cforsyth the Magician (level 5, 0/28 HPs)
             Began as a Deep Elf Earth Elementalist on Mar 9, 2023.
             Slain by an orc
             ... wielding a +0 mace
              (8 damage)
             ... on level 4 of the Dungeon.
             The game lasted 00:02:49 (2803 turns).

cforsyth the Magician (Deep Elf Earth Elementalist) Turns: 2803, Time: 00:02:50

Health: 0/28       AC:  2    Str:  5    XL:     5   Next: 10%
Magic:  12/15      EV: 12    Int: 22    God:
Gold:   129        SH:  0    Dex: 15    Spells: 14/15 levels left

rFire   . . .      SeeInvis .    (no weapon)
rCold   . . .      Faith    .    (no shield)
rNeg    . . .      Spirit   .    a - +0 robe
rPois   .          Reflect  .    (no helmet)
rElec   .          Rampage  .    (no cloak)
rCorr   .                        (no gloves)
Will    .....                    (no boots)
Stlth   ++                       (no amulet)
HPRegen 0.24/turn                (no ring)
MPRegen 0.14/turn                (no ring)

@: no status effects
A: no striking features
a: no special abilities


You were on level 4 of the Dungeon.
You visited 1 branch of the dungeon, and saw 4 of its levels.

You collected 129 gold pieces.

Inventory:

Armour
 a - a +0 robe (worn)
Jewellery
 o - a ring of willpower
Scrolls
 d - 4 scrolls of acquirement {unknown}
 h - 5 scrolls of identify {unknown}
 l - 2 scrolls of immolation {unknown}
 m - a scroll of fog {unknown}
 n - a scroll of vulnerability {unknown}
Potions
 b - a potion of magic
 c - 2 potions of might {unknown}
 e - 3 potions of heal wounds {unknown}
 f - 3 potions of curing
 g - a potion of ambrosia {unknown}
 i - a potion of resistance {unknown}
 j - a potion of degeneration {unknown}
 k - 3 potions of haste {unknown}
 p - a potion of lignification {unknown}
 q - a potion of flight {unknown}


   Skills:
 - Level 2.4 Dodging
 - Level 2.4 Stealth
 + Level 5.5 Spellcasting
 - Level 1.1 Transmutations
 + Level 5.1 Earth Magic


You had 14 spell levels left.
You knew the following spells:

 Your Spells              Type           Power      Damage    Failure   Level
a - Sandblast             Erth           56%        2d13      1%          1

Your spell library contained the following spells:

 Spells                   Type           Power      Damage    Failure   Level
 Passwall                 Tmut/Erth      15%        N/A       4%          2
 Stone Arrow              Conj/Erth      34%        3d9       10%         3
 Petrify                  Tmut/Erth      19%        N/A       26%         4
 Dazzling Flash           Conj/Hex       12%        N/A       28%         3
 Ozocubu's Armour         Ice            6%         N/A       28%         3
 Agony                    Necr           6%         N/A       95%         5
 Silence                  Hex/Air        3%         N/A       95%         5
 Ozocubu's Refrigeration  Ice            3%         4d8       100%        7


Dungeon Overview and Level Annotations

Branches:
Dungeon (4/15)
 Temple: D:4-7

Altars:

Shops:
D:3 (

Annotations:
D:4 Ijyb


Message History

A dart slug is nearby!
A dart slug is nearby!
A dart slug is nearby!
A dart slug is nearby!
You can't see any susceptible monsters within range! (Use Z to cast anyway.)
The blast of sand hits the dart slug!
You kill the dart slug!
You can't see any susceptible monsters within range! (Use Z to cast anyway.)
You can't see any susceptible monsters within range! (Use Z to cast anyway.)
You can't see any susceptible monsters within range! (Use Z to cast anyway.)
You now have 120 gold pieces (gained 5).
You open the door.
There is an open door here.
You hear the slow hiss of an avalanche of sand nearby.
You now have 129 gold pieces (gained 9).
A gnoll comes into view. It is wielding a +0 flail.
A gnoll is nearby!
A gnoll is nearby!
A gnoll is nearby!
An orc and a kobold come into view.
A gnoll and 2 orcs come into view.
Found a stone staircase leading up.
The kobold shouts!
You hear a shout!
The blast of sand hits the orc!
You kill the orc!
The orc shouts! x2; You hear a shout!
A gnoll comes into view. It is wielding a +0 club.
Ijyb the Twisted Goblin comes into view.
She is wielding a +0 club and carrying a wand of flame (24).
The blast of sand hits the orc.
The orc is heavily wounded.
The orc hits you with a +0 mace. x2
The blast of sand hits the orc but does no damage.
The orc is heavily wounded.
Ijyb screams, "No!
No, no, no, no!"
The orc hits you with a +0 mace. The orc hits you with a +0 mace!
* * * LOW HITPOINT WARNING * * *
You are too injured to fight recklessly!
The orc attacks as you move away! The orc hits you but does no damage.
The orc attacks as you move away! The orc hits you with a +0 mace!
You die...

###### #.....
###################.....
...g.go@..........'.....
......o############.....
...g.gK #..... .......
########..... ....<..
............. ...##..
............. ... ...
........##### .. ###
..####### #


You could see Ijyb, 3 gnolls, 2 orcs and a kobold.

Vanquished Creatures
  An orc wizard (D:3)
  4 adders
  4 dart slugs
  8 orcs
  7 ball pythons
  6 endoplasms
  A giant cockroach (D:1)
  5 goblins
  4 hobgoblins
  4 jackals (D:2)
  6 kobolds
  3 quokkas
  7 bats
  3 frilled lizards
  6 rats
69 creatures vanquished.

Vanquished Creatures (others)
  A fungus (D:2)
  A plant (D:2)
2 creatures vanquished.

Grand Total: 71 creatures vanquished

Notes
Turn   | Place    | Note
-------+----------+-------------------------------------------
     0 | D:1      | cforsyth the Deep Elf Earth Elementalist began the quest
                  | for the Orb.
     0 | D:1      | Reached XP level 1. HP: 10/10 MP: 6/6
   209 | D:1      | Reached XP level 2. HP: 15/15 MP: 4/8
   669 | D:1      | Reached XP level 3. HP: 19/19 MP: 8/10
  1244 | D:2      | Found a faded altar of an unknown god.
  1923 | D:3      | Reached XP level 4. HP: 24/24 MP: 10/12
  1949 | D:3      | Reached skill level 5 in Spellcasting
  2128 | D:3      | Found Holypsir's Weapon Shop.
  2373 | D:3      | Reached skill level 5 in Earth Magic
  2544 | D:3      | Reached XP level 5. HP: 28/28 MP: 10/14
  2800 | D:4      | Noticed Ijyb
  2803 | D:4      | Slain by an orc

Illustrated notes

Levels and vault maps discovered:
D:1:      lightli_arrival_maybe_door_vault, layout_basic
D:2:      layout_basic, shapermc_ecumenical_altar_mp_ritualfount
D:3:      layout_loops_ring, serial_shops, nicolae_lakefront_shop,
          chequers_serial_rivers_room_b, kennysheep_cross_room
D:4:      layout_basic, minmay_temple_entry_enclosed_plants,
          chequers_ossuary_entry_cave, uniq_ijyb, uniq_blork_the_orc

Skill      XL: |  1  2  3  4 |
---------------+-------------+-----
Spellcasting   | 4 5 |  5.5
Earth Magic    | 4 5 |  5.1
Dodging        | |  2.4
Stealth        | |  2.4
Transmutations | |  1.1

Action                     |  1- 3 |  4- 6 || total
---------------------------+-------+-------++-------
  Melee: Unarmed           |       |     8 ||     8
   Cast: Sandblast         |    53 |    33 ||    86
    Use: Potion            |       |     1 ||     1
 Armour: Robe              |       |     6 ||     6
  Dodge: Dodged            |     4 |     9 ||    13

Table legend: (Time is in decaauts)
 A = Elapsed time spent in this place.
 B = Non-inter-level travel time spent in this place.
 C = Inter-level travel time spent in this place.
 D = Time resting spent in this place.
 E = Time spent auto-exploring this place.
 F = Levels seen in this place.
 G = Mean time per level.
                   A        B        C        D        E       F      G
               +--------+--------+--------+--------+--------+-----+--------+
         Total |   2851 |   2782 |     69 |      0 |   2459 |   4 |  712.8 |
       Dungeon |   2851 |   2782 |     69 |      0 |   2459 |   4 |  712.8 |
               +--------+--------+--------+--------+--------+-----+--------+

Top non-repeatable levels by time:
     D:1: 975 daAuts
     D:2: 901 daAuts
     D:3: 862 daAuts
     D:4: 113 daAuts
